AoeStats
← eduhaas

Arena

510457079Analyzed
4v4 RM · 1d ago on Oct 1, 2026· 37m 35s· 8 players
Game mode
Random Map
Map size
Large (8 player)
Population
200
Speed
Normal
Resources
Standard
Victory
Conquest
Starting age
Dark Age
Ending age
Imperial Age
RankedLock teamsTeams togetherTeam positionsShared explorationLock speedFull tech treeHidden civsTurbo modeCheats
Victory
Defeat
🇮🇳 Lithuanians · India
1180
+14
🇨🇴 Danes · Colombia
1084
+18
🇲🇽 Persians · Mexico
1026
+21
🇧🇷 Malay · Brazil
987
+23
🇲🇽 Persians · Mexico
1166
-20
🇨🇳 Italians · China
1162
-20
🇺🇸 Huns · United States
1110
-18
🇩🇪 Bohemians · Germany
1107
-18
eduhaas
10:39 Feudal Age
14:09 Castle Age
12:19 Horse Collar
13:09 Double-Bit Axe
14:55 Bow Saw
21:35 Heavy Plow
22:50 Loom
23:41 Wheelbarrow
22:51 Town Watch
28:29 Imperial Age
26:19 Gold Mining
26:19 Stone Mining
26:56 Hand Cart
26:42 Town Patrol
28:19 Gold Shaft Mining
28:19 Stone Shaft Mining
28:02 Forging
28:56 Scale Barding Armor
29:27 Iron Casting
29:25 Crop Rotation
30:02 Two-Man Saw
30:12 Chemistry
30:23 Chain Barding Armor
30:41 Conscription
30:03 Elite War Elephant
32:32 Plate Barding Armor
33:14 Blast Furnace
Arthedain
12:10 Feudal Age
16:23 Castle Age
14:48 Double-Bit Axe
15:42 Horse Collar
15:51 Loom
24:35 Arson
24:54 Squires
25:27 Scale Mail Armor
25:49 Forging
28:00 Wheelbarrow
31:41 Imperial Age
29:52 Chain Mail Armor
30:07 Gambesons
30:30 Heavy Plow
31:57 Masonry
32:42 Ballistics
31:47 Capped Ram
33:18 Plate Mail Armor
35:49 Iron Casting
36:00 Bow Saw
36:25 Conscription
36:25 Hamask
Jcn_x
6:17 Loom
11:37 Feudal Age
15:46 Castle Age
14:07 Horse Collar
15:08 Double-Bit Axe
18:08 Bow Saw
22:29 Squires
23:03 Arson
23:32 Forging
25:57 Iron Casting
37:31 Imperial Age
36:16 Wheelbarrow
35:27 Town Watch
37:18 Gold Mining
LIGHTYRIX
10:29 Feudal Age
14:16 Castle Age
12:55 Double-Bit Axe
15:33 Bow Saw
15:04 Horse Collar
15:25 Gold Mining
19:18 Heavy Plow
23:01 Wheelbarrow
22:25 Stone Mining
24:45 Hand Cart
30:28 Imperial Age
27:44 Loom
28:36 Stone Shaft Mining
Chorpy
9:20 Feudal Age
10:09 Double-Bit Axe
10:05 Horse Collar
14:02 Loom
16:36 Castle Age
16:31 Gold Mining
17:54 Bow Saw
17:50 Heavy Plow
21:48 Gold Shaft Mining
21:48 Forging
22:30 Bloodlines
23:24 Scale Barding Armor
24:57 Husbandry
24:56 Stone Mining
27:23 Iron Casting
hugobsky
10:46 Feudal Age
14:52 Castle Age
14:10 Double-Bit Axe
23:24 Loom
25:53 Bow Saw
30:23 Imperial Age
27:44 Horse Collar
28:38 Gold Mining
30:12 Bloodlines
30:08 Scale Barding Armor
31:09 Heavy Plow
32:06 Conscription
31:55 Squires
31:55 Light Cavalry
33:09 Chain Barding Armor
33:10 Forging
Bifbatz
9:17 Loom
9:39 Loom
11:25 Feudal Age
9:41 Loom
13:02 Double-Bit Axe
15:52 Castle Age
13:42 Horse Collar
16:03 Wheelbarrow
21:13 Bow Saw
21:46 Heavy Plow
28:03 Imperial Age
26:16 Caravan
26:34 Town Watch
27:42 Fortified Wall
29:08 Chemistry
27:42 Crossbowman
28:52 Onager
31:35 Arbalester
34:21 Hand Cart
37:08 Two-Man Saw
KG.专业开脑壳
10:49 Feudal Age
11:55 Double-Bit Axe
12:36 Loom
15:05 Castle Age
14:50 Horse Collar
16:24 Bow Saw
17:15 Heavy Plow
18:13 Wheelbarrow
22:08 Town Watch
24:48 Stone Mining
Connection lost

Rejoining the realm…

Still unreachable

The connection could not be restored.

Session expired

The server has moved on; the page needs a fresh start.